 Dungeon Crawl Stone Soup version 0.18-a0-1285-g60d00e1 (webtiles) character file.

64 M4edhros the Ducker (level 3, -1/19 HPs)
             Began as a Spriggan Chaos Knight on Feb 8, 2016.
             Incinerated by a mottled dragon (3 damage)
             ... with a sticky flame
             ... on level 2 of the Dungeon.
             The game lasted 00:04:53 (5719 turns).

M4edhros the Ducker (Spriggan Chaos Knight)         Turns: 5719, Time: 00:04:53

Health: -1/19      AC:  4    Str:  6 (8)  XL:     3   Next: 91%
Magic:  4/4        EV: 17    Int: 19      God:    Xom [.....*]
Gold:   123        SH:  0    Dex:  9 (15) Spells: 0 memorised, 2 levels left

rFire  . . .     SeeInvis +     n - +2 dagger (elec)
rCold  . . .     Gourm    .     b - +2 robe
rNeg   . . .     Faith    .     (shield restricted)
rPois  .         Spirit   .     (helmet restricted)
rElec  .         Dismiss  +     (no cloak)
rCorr  .         Reflect  .     (gloves unavailable)
SustAt .         Harm     .     (boots unavailable)
MR     .....                    m - amulet of dismissal
Stlth  ++........               (no ring)
                                e - ring of stealth

@: brilliant, liquid flames, flying, glowing, drained, very quick, not resistant
to hostile enchantments, unstealthy
A: unfitting armour, antennae 1, talons 1, molten scales 1, see invisible,
deformed body, deterioration 1, herbivore 3, speed 3, screaming 1, slow
metabolism 2, sturdy frame 1
a: Renounce Religion


You were on level 2 of the Dungeon.
You worshipped Xom.
You were Xom's teddy bear.
You were not hungry.

You visited 1 branch of the dungeon, and saw 2 of its levels.

You collected 123 gold pieces.

Inventory:

Hand Weapons
 a - a +0 spear of chaos
 n - a +2 dagger of electrocution (weapon)
 p - a +0 hunting sling
Missiles
 q - 26 stones (quivered)
Armour
 b - a +2 robe (worn)
Jewellery
 e - a ring of stealth (left hand)
 m - an amulet of dismissal (around neck)
Scrolls
 f - a scroll of identify
Comestibles
 c - 5 bread rations


   Skills:
 - Level 2.4(1.4) Fighting
 + Level 0.0 Short Blades
 - Level 2.2(1.3) Polearms
 + Level 4.8(3.8) Dodging
 * Level 4.4(3.4) Stealth


You had 2 spell levels left.
You didn't know any spells.

Dungeon Overview and Level Annotations

Branches:
Dungeon (2/15)

Altars:
Ru
Xom


Innate Abilities, Weirdness & Mutations

You are tiny and cannot use many weapons and most armour.
You have supernaturally acute eyesight.
You are a herbivore.
You cover ground extremely quickly.
You need consume almost no food.
You have a pair of small antennae on your head.
You have sharp toenails.
You are partially covered in molten scales (AC +1).
Armour fits poorly on your strangely shaped body.
Your body sometimes deteriorates upon taking damage.
You occasionally shout uncontrollably at your foes.
Your movements are slightly less encumbered by armour (ER -2).


Message History

It was a potion of brilliance.
You feel clever all of a sudden.
You are covered in liquid flames!
The mottled dragon changes into a warg!
You are covered in liquid flames!
You are covered in liquid flames!
* * * LOW HITPOINT WARNING * * *
Your body deteriorates!
You feel weakened.
The warg changes into a steam dragon!
Read which item? (? for menu, Esc to quit)
As you read the scroll of fog, it crumbles to dust.
The scroll dissolves into smoke.
You are covered in liquid flames!
* * * LOW HITPOINT WARNING * * *
Your body deteriorates!
You feel clumsy.
Xom's power touches on a nearby monster.
The steam dragon changes into a giant eyeball!
You are now Xom's teddy bear.
You are covered in liquid flames!
You die...

###################
...().............#
...#...#...#...#§.#
....r........G.§@§#
...#...#...#...#§§#
...............§§§#
###################
#.#####.# #..<....#
######..# #..# #..#


You could see a giant eyeball shaped shifter.

Vanquished Creatures
  An adder (D:1)
  A giant gecko (D:1)
  2 bats (D:1)
  4 giant cockroaches (D:1)
  4 goblins
  8 hobgoblins
  6 jackals
  6 kobolds
  3 giant newts
  8 rats
43 creatures vanquished.

Vanquished Creatures (collateral kills)
  An adder (D:2)
  A goblin (D:2)
2 creatures vanquished.

Grand Total: 45 creatures vanquished

Notes
Turn   | Place    | Note
--------------------------------------------------------------
     0 | D:1      | M4edhros the Spriggan Chaos Knight began the quest for the Orb.
     0 | D:1      | Reached XP level 1. HP: 11/11 MP: 2/2
    72 | D:1      | Reached skill level 1 in Stealth
    83 | D:1      | XOM: potion effect (haste)
   114 | D:1      | Reached XP level 2. HP: 13/16 MP: 3/3
   164 | D:1      | Reached skill level 4 in Dodging
   217 | D:1      | XOM: potion effect (berserk rage)
   242 | D:1      | XOM: harmless Conj miscast
   376 | D:1      | XOM: god gift: lumpy blue amulet {god gift}
   658 | D:1      | XOM: vitrification
   664 | D:1      | XOM: god gift: 3 bread rations
  1006 | D:1      | XOM: give mutations
  1006 | D:1      | Gained mutation: Your body sometimes deteriorates upon taking damage. [Xom's mischief]
  1006 | D:1      | Gained mutation: Armour fits poorly on your strangely shaped body. [Xom's mischief]
  1124 | D:1      | Reached XP level 3. HP: 19/19 MP: 4/4
  1137 | D:1      | XOM: vitrification
  1227 | D:1      | XOM: give mutation
  1227 | D:1      | Gained mutation: You have sharp toenails. [Xom's grace]
  1252 | D:1      | XOM: summons 3 hostile shadow creatures
  1623 | D:1      | XOM: give mutations
  1623 | D:1      | Gained mutation: You are dopey. (Int -2) [Xom's mischief]
  1623 | D:1      | Gained mutation: Your body often deteriorates upon taking damage. [Xom's mischief]
  2448 | D:1      | XOM: draining
  2471 | D:1      | XOM: give mutations
  2471 | D:1      | Lost mutation: You are dopey. (Int -2) [Xom's mischief]
  2471 | D:1      | Gained mutation: You are partially covered in molten scales (AC +1). [Xom's mischief]
  2471 | D:1      | Gained mutation: You occasionally shout uncontrollably at your foes. [Xom's mischief]
  2472 | D:1      | XOM: stat loss: -1 Str (7/8)
  2925 | D:1      | XOM: summons 5 hostile shadow creatures
  3160 | D:2      | XOM is BORED!
  3160 | D:2      | XOM: noise
  3626 | D:2      | XOM: colour smoke trail
  3827 | D:2      | XOM: mild Divn miscast
  4076 | D:2      | XOM: summons 1 hostile demon
  4393 | D:2      | XOM is BORED!
  4393 | D:2      | XOM: 4-stop teleportation journey
  4471 | D:2      | XOM: mild Erth miscast
  4502 | D:2      | Found a sacrificial altar of Ru.
  4526 | D:2      | Noticed a glowing shapeshifter
  4526 | D:2      | an adder changed into a glowing shapeshifter
  4526 | D:2      | Noticed a manticore
  4526 | D:2      | a glowing shapeshifter changed into a manticore
  4528 | D:2      | XOM: enchant monster (good)
  4581 | D:2      | XOM: harmless Ice miscast
  4748 | D:2      | Found a shimmering altar of Xom.
  5366 | D:2      | XOM: stat loss: -1 Dex (10/15)
  5457 | D:2      | XOM: give mutation
  5457 | D:2      | Lost mutation: Your body often deteriorates upon taking damage. [Xom's mischief]
  5687 | D:2      | Noticed a polar bear
  5691 | D:2      | Noticed an eye of draining
  5691 | D:2      | a polar bear changed into an eye of draining
  5698 | D:2      | Noticed a warg
  5698 | D:2      | Noticed a porcupine
  5698 | D:2      | a warg changed into a porcupine
  5710 | D:2      | Noticed a mottled dragon
  5713 | D:2      | Gained mutation: Your movements are slightly less encumbered by armour (ER -2). [potion of mutation]
  5713 | D:2      | Gained mutation: You have a pair of small antennae on your head. [potion of mutation]
  5715 | D:2      | Noticed a warg
  5715 | D:2      | a mottled dragon changed into a warg
  5717 | D:2      | Noticed a steam dragon
  5717 | D:2      | a warg changed into a steam dragon
  5718 | D:2      | a steam dragon changed into a giant eyeball
  5718 | D:2      | XOM: polymorph steam dragon -> giant eyeball
  5719 | D:2      | Incinerated by a mottled dragon

Vault maps used:
D:1:      tarquinn_simple_flora_water_e, grunt_decor_one_mirror,
          minmay_misc_feat_diagonals
D:2:      lemuel_doored_altar, lemuel_coloured_pillars_altar, first_bread,
          serial_forest, infiniplex_forest_lined_3_way,
          infiniplex_forest_straight_4, infiniplex_forest_clump_medium,
          infiniplex_forest_straight_3, infiniplex_forest_clump_medium,
          infiniplex_forest_clump_tiny, infiniplex_forest_clump_diagonal,
          infiniplex_forest_lined_corner, infiniplex_forest_clump_curved,
          infiniplex_forest_zigzag_2, minmay_unequal

Action                   || total
-------------------------++-------
Melee: Spear             ||   180
       Dagger            ||    11
  Use: Scroll            ||     5
       Potion            ||     5
 Stab: Sleeping          ||     2
       Distracted        ||     4
       Confused          ||     3
       Petrifying        ||     1
  Eat: Bread ration      ||     1
